 Dungeon Crawl Stone Soup version 0.23-a0-358-g98c7a59 (webtiles) character file.

41 BingusPrime the Sneak (level 3, 0/24 HPs)
             Began as an Octopode Assassin on Oct 22, 2018.
             Succumbed to an adder's poison
             ... on level 2 of the Dungeon.
             The game lasted 00:03:13 (1155 turns).

BingusPrime the Sneak (Octopode Assassin)           Turns: 1155, Time: 00:03:14

Health: 0/24       AC:  1    Str: 10    XL:     3   Next: 52%
Magic:  3/3        EV: 13    Int: 13    God:
Gold:   78         SH:  0    Dex: 14    Spells: 2/2 levels left

rFire    . . .     SeeInvis .   a - +2 dagger
rCold    . . .     Gourm    .   (no shield)
rNeg     . . .     Faith    .   (helmet restricted)
rPois    .         Spirit   .   (no amulet)
rElec    .         Reflect  .   (no ring)
rCorr    .         Harm     .   (no ring)
MR       .....                  (no ring)
Stlth    ++++......             (no ring)
HPRegen  0.08/turn              (no ring)
MPRegen  0.08/turn              (no ring)
                                (no ring)
                                (no ring)

@: lethally poisoned (0 -> -6), hasted, very quick
A: almost no armour, stealthy swim, amphibious, 8 rings, constrict 8, camouflage
1, gelatinous body 1
a: no special abilities


You were on level 2 of the Dungeon.
You were hungry.

You visited 1 branch of the dungeon, and saw 2 of its levels.

You collected 78 gold pieces.

Inventory:

Hand Weapons
 a - a +2 dagger (weapon)
 b - a +0 blowgun
Missiles
 c - 8 poisoned needles
 d - 2 curare-tipped needles
Scrolls
 e - 2 scrolls of remove curse
 h - 3 scrolls of teleportation {unknown}
 i - a scroll of fear {unknown}
 j - a scroll of blinking {unknown}
 k - 2 scrolls of identify {unknown}
Comestibles
 f - 3 rations


   Skills:
 + Level 2.0 Fighting
 + Level 2.1 Short Blades
 + Level 2.0 Throwing
 + Level 1.1 Dodging
 * Level 7.0 Stealth


You had 2 spell levels left.
You didn't know any spells.
Your spell library was empty.

Dungeon Overview and Level Annotations

Branches:
Dungeon (2/15)

Altars:


Innate Abilities, Weirdness & Mutations

You cannot wear most types of armour.
You are very stealthy in the water. (Stealth+)
You are amphibious.
You can wear up to eight rings at the same time.
You can use your tentacles to constrict eight enemies at once.
Your skin changes colour to match your surroundings (Stealth+).
Your rubbery body absorbs attacks. (AC +1, EV +1)


Message History

You hit the adder but do no damage.
The adder is heavily wounded.
You constrict the adder. The adder bites you. x2
* * * LOW HITPOINT WARNING * * *
You release your grip on the adder.
The adder bites you.
* * * LOW HITPOINT WARNING * * *
You are poisoned.
The adder poisons you!
You feel sick. The adder bites you.
* * * LOW HITPOINT WARNING * * *
You are more poisoned.
The adder poisons you!
Unknown command.
It was a potion of haste.
You feel yourself speed up.
A jackal comes into view.
The adder misses you.
As you read the scroll labeled TENAECR WUAKIUF, it crumbles to dust.
You feel blessed for a moment.
It was a scroll of remove curse.
You die...

.... ... ....# ..#
...############..# .<.....
#....?†.........# .......
#...........<...## .......
#.........%....... .......
#................. .......
#.......).....$...
.....s.###@................
........sSS......h.........
...........................
..............#............
#.#.#.........#.####......s
# #...........# ......
#............
#.........#### ..........#


You could see 2 adders, a jackal (wandering) and a giant cockroach.

Vanquished Creatures
  2 dart slugs (D:1)
  A giant cockroach (D:1)
  5 goblins
  7 hobgoblins
  3 jackals (D:1)
  5 kobolds
  A ball python (D:1)
  5 bats
  3 frilled lizards (D:1)
  4 rats (D:1)
36 creatures vanquished.

Notes
Turn   | Place    | Note
-------+----------+-------------------------------------------
     0 | D:1      | BingusPrime the Octopode Assassin began the quest for the
                  | Orb.
     0 | D:1      | Reached XP level 1. HP: 14/14 MP: 1/1
    73 | D:1      | Reached XP level 2. HP: 16/19 MP: 2/2
   135 | D:1      | Reached skill level 6 in Stealth
   619 | D:1      | Reached XP level 3. HP: 24/24 MP: 3/3
  1138 | D:2      | Reached skill level 7 in Stealth
  1153 | D:2      | HP: 1/24 [adder (4)]
  1155 | D:2      | Succumbed to an adder's poison

Vault maps used:
D:1:      minmay_arrival_loop, minmay_tetromino_s4
D:2:      old_standard_altar, nicolae_overflow_hidden_temple

Skill      XL: |  1  2  3 |
---------------+----------+-----
Stealth        | 6 7 |  7.0
Fighting       | |  2.0
Short Blades   | |  2.1
Throwing       | |  2.0
Dodging        | |  1.1

Action                   || total
-------------------------++-------
Melee: Dagger            ||    58
       Constrict         ||    18
       Tentacles         ||    11
  Use: Scroll            ||     1
       Potion            ||     1
 Stab: Sleeping          ||    12
Armor: Skin              ||     3
Dodge: Dodged            ||    29

Table legend:
 A = Non-vault XP
 B = Vault XP
 C = Vault XP percentage of total XP
 D = Non-vault monster count
 E = Vault monster count
 F = Vault count percentage of total count
                 A         B        C        D         E       F
            +---------+---------+-------+---------+---------+-------
      Total |      59 |       0 |   0.0 |      36 |       0 |   0.0
            +---------+---------+-------+---------+---------+-------
        D:1 |      53 |       0 |   0.0 |      32 |       0 |   0.0
        D:2 |       6 |       0 |   0.0 |       4 |       0 |   0.0
            +---------+---------+-------+---------+---------+-------
